 Seeded DCSS version 0.30.1-4-g462c640d31 (webtiles) character file.

Game seed: 16738777312109589736 (custom seed)

81 Mune the Magician (level 4, -1/24 HPs)
             Began as a Deep Elf Fire Elementalist on Aug 22, 2023.
             Slain by an iguana (13 damage)
             ... on level 4 of the Dungeon.
             The game lasted 00:05:27 (2864 turns).

Mune the Magician (Deep Elf Fire Elementalist)      Turns: 2864, Time: 00:05:27

Health: -1/24      AC:  3    Str:  5    XL:     4   Next: 19%
Magic:  14/20      EV: 13    Int: 22    God:
Gold:   162        SH:  0    Dex: 21    Spells: 9/10 levels left

rFire   . . .        i - +3 dagger
rCold   . . .        (no shield)
rNeg    . . .        a - +0 robe
rPois   .            (no helmet)
rElec   .            (no cloak)
rCorr   .            t - +0 pair of gloves
SInv    .            (no boots)
Will    .....        (no amulet)
Stlth   +++          m - ring of magical power
HPRegen 0.24/turn    r - +6 ring of dexterity
MPRegen 0.17/turn

%: no passive effects
@: no status effects
A: no striking features
a: no special abilities


You were on level 4 of the Dungeon.
You visited 1 branch of the dungeon, and saw 4 of its levels.

You collected 162 gold pieces.

Inventory:

Hand Weapons
 i - a +3 dagger (weapon)
Armour
 a - a +0 robe (worn)
 t - a +0 pair of gloves (worn)
Jewellery
 m - a ring of magical power (left hand)
 r - a +6 ring of dexterity (right hand)
Wands
 q - a wand of flame (26)
Scrolls
 c - 2 scrolls of fear {unknown}
 e - 2 scrolls of vulnerability {unknown}
 g - a scroll of teleportation {unknown}
 h - a scroll of summoning {unknown}
 k - 5 scrolls of identify {unknown}
 n - 2 scrolls of poison {unknown}
 p - a scroll of silence {unknown}
 u - a scroll of enchant weapon {unknown}
Potions
 b - a potion of magic
 d - 3 potions of heal wounds
 f - a potion of mutation {unknown}
 j - 3 potions of curing {unknown}
 l - 2 potions of degeneration {unknown}
 o - a potion of brilliance {unknown}
 s - a potion of invisibility {unknown}
 v - a potion of attraction {unknown}


   Skills:
 - Level 3.1 Dodging
 - Level 3.2 Stealth
 - Level 3.7 Spellcasting
 + Level 2.5 Conjurations
 - Level 3.7 Fire Magic


You had 9 spell levels left.
You knew the following spells:

 Your Spells              Type           Power      Damage    Failure   Level
a - Foxfire               Conj/Fire      72%        2x1d7     3%          1

Your spell library contained the following spells:

 Spells                   Type           Power      Damage    Failure   Level
 Scorch                   Fire           40%        2d7       3%          2
 Kiss of Death            Conj/Necr      36%        2d8       7%          1
 Shock                    Conj/Air       36%        1d5       7%          1
 Inner Flame              Hex/Fire       12%        N/A       16%         3
 Volatile Blastmotes      Fire/Tloc      24%        2d12      16%         3
 Flame Wave               Conj/Fire      18%        2d7       30%         4
 Confusing Touch          Hex            4%         N/A       34%         3
 Swiftness                Air            4%         N/A       34%         3
 Vhi's Electric Charge    Tloc/Air       8%         N/A       34%         3
 Airstrike                Air            2%         2d(1-17)  75%         4
 Dispel Undead            Necr           4%         3d7       75%         4
 Summon Lightning Spire   Summ/Air       4%         N/A       75%         4
 Arcjolt                  Conj/Air       4%         1d14      88%         5
 Plasma Beam              Fire/Air       6%         2x1d18    100%        6
 Storm Form               Tmut/Air       2%         N/A       100%        7
 Maxwell's Capacitive Co  Air            2%         ∞         100%        8


Dungeon Overview and Level Annotations

Branches:
Dungeon (4/15)
 Temple: D:4-7

Altars:
Ashenzari
The Shining One

Shops:
D:1 *


Message History

The iguana is lightly wounded.
You conjure some foxfire!
The iguana bites you!
The foxfire hits the iguana but does no damage.
The iguana is lightly wounded.
The iguana closely misses you. The iguana bites you.
You conjure some foxfire!
The iguana bites you!
It was a potion of heal wounds.
You feel much better.
The foxfire hits the iguana but does no damage.
The iguana is lightly wounded.
The iguana bites you!
Casting: Foxfire (safe; 3% risk of failure)
Confirm with . or Enter, or press ? or * to list all spells.
You conjure some foxfire!
The iguana barely misses you.
You hit the iguana but do no damage.
The iguana is lightly wounded.
The foxfire hits the iguana.
The iguana is moderately wounded.
The iguana barely misses you.
Casting: Foxfire (safe; 3% risk of failure)
Confirm with . or Enter, or press ? or * to list all spells.
You conjure some foxfire!
The iguana barely misses you.
You hit the iguana.
The iguana is moderately wounded.
The foxfire hits the iguana.
The iguana is severely wounded.
The iguana closely misses you.
Casting: Foxfire (safe; 3% risk of failure)
Confirm with . or Enter, or press ? or * to list all spells.
You conjure some foxfire!
The iguana bites you.
You hit the iguana but do no damage.
The iguana is severely wounded.
The foxfire hits the iguana.
The iguana is almost dead.
The iguana closely misses you.
Casting: Foxfire (safe; 3% risk of failure)
Confirm with . or Enter, or press ? or * to list all spells.
You conjure some foxfire!
The iguana bites you!
Ouch! That really hurt!
You die...

##..#### #..#
########..#
..........#######
#########.......#
#.....#####.#
############# #.#
......lv# #.# #@#
#.# #.# #.# #.#
#.# #.# #.# #.#
#.# #.#########.#
#...........#
###########.# #.#


You could see an iguana (ally target).

Vanquished Creatures
  Jessica (D:2)
  An adder (D:2)
  4 dart slugs (D:1)
  2 orcs
  3 bats
  5 endoplasms
  A giant cockroach (D:3)
  5 goblins
  2 hobgoblins (D:1)
  3 quokkas
  4 ball pythons (D:1)
  2 frilled lizards
  2 rats
35 creatures vanquished.

Vanquished Creatures (others)
  189 foxfires
189 creatures vanquished.

Grand Total: 224 creatures vanquished

Notes
Turn   | Place    | Note
-------+----------+-------------------------------------------
     0 | D:1      | Mune the Deep Elf Fire Elementalist began the quest for the
                  | Orb.
     0 | D:1      | Reached XP level 1. HP: 10/10 MP: 6/6
   339 | D:1      | Found Liawk's General Store.
   402 | D:1      | Reached XP level 2. HP: 15/15 MP: 2/8
  1181 | D:2      | Reached XP level 3. HP: 19/19 MP: 3/10
  1263 | D:2      | Noticed Jessica
  1272 | D:2      | Killed Jessica
  1922 | D:2      | Found a broken altar of Ashenzari.
  2022 | D:2      | Reached XP level 4. HP: 24/24 MP: 11/11
  2358 | D:3      | Found a faded altar of an unknown god.
  2656 | D:3      | Found a glowing golden altar of the Shining One.
  2864 | D:4      | Slain by an iguana

Illustrated notes

Levels and vault maps discovered:
D:1:      lemuel_arrival_broad_hall, layout_basic, serial_shops,
          nicolae_shop_crystal
D:2:      layout_basic, basic_altar, minmay_stone_trees_small, uniq_jessica
D:3:      layout_rooms, mainiacjoe_overflow_24_doors,
          dreamdust_ecumenical_altar_statues
D:4:      layout_basic, mainiacjoe_overflow_small_starburst, serial_rivers,
          chequers_serial_rivers_large_b, chequers_serial_rivers_micro_b,
          chequers_serial_rivers_micro_a, chequers_serial_rivers_micro_b,
          chequers_serial_rivers_micro_b, chequers_serial_rivers_small_3,
          portal_sewer_entry_a, serial_shops, shop, uniq_ijyb, uniq_pikel

Skill      XL: |  1  2  3 |
---------------+----------+-----
Stealth        | 3 |  3.2
Dodging        | 3 |  3.1
Conjurations   | 2 |  2.5
Spellcasting   | |  3.7
Fire Magic     | |  3.7

Action                     |  1- 3 |  4- 6 || total
---------------------------+-------+-------++-------
  Melee: Dagger            |     1 |     3 ||     4
   Cast: Foxfire           |    90 |    36 ||   126
    Use: Potion            |       |     1 ||     1
 Armour: Robe              |     1 |       ||     1
  Dodge: Dodged            |     6 |     6 ||    12
